AoeStats
← [La14]Uvita

Arabia

508112828Analyzed
3v3 RM · 12d ago on Sep 20, 2026· 32m 3s· 6 players
Game mode
Random Map
Map size
Normal (6 player)
Population
200
Speed
Normal
Resources
Standard
Victory
Conquest
Starting age
Dark Age
Ending age
Imperial Age
RankedLock teamsTeams togetherTeam positionsShared explorationLock speedFull tech treeHidden civsTurbo modeCheats
Victory
Defeat
🇦🇷 Franks · Argentina
1232
+11
🇦🇷 Vietnamese · Argentina
1171
+14
🇦🇷 Aztecs · Argentina
1075
+18
🇨🇴 Vietnamese · Colombia
1133
-15
🇨🇴 Malians · Colombia
1122
-14
🇨🇴 Saracens · Colombia
1116
-14
TEFI*
12:33 Feudal Age
10:50 Loom
16:49 Stone Mining
21:32 Castle Age
20:24 Scale Mail Armor
25:48 Forging
27:51 Gold Mining
SG7
5:50 Loom
10:45 Feudal Age
16:56 Double-Bit Axe
18:21 Fletching
19:25 Padded Archer Armor
19:45 Horse Collar
25:19 Castle Age
24:38 Forging
24:28 Scale Mail Armor
25:30 Pikeman
26:10 Squires
25:56 Arson
26:58 Chain Mail Armor
28:15 Iron Casting
27:46 Scale Barding Armor
28:50 Bloodlines
SARG
4:22 Loom
9:37 Feudal Age
14:54 Wheelbarrow
25:25 Fletching
25:36 Padded Archer Armor
[La14] BlackSilvio
9:13 Feudal Age
11:07 Double-Bit Axe
15:53 Loom
20:19 Castle Age
19:15 Gold Mining
19:41 Scale Barding Armor
20:30 Forging
21:43 Chain Barding Armor
21:48 Husbandry
24:57 Wheelbarrow
26:13 Iron Casting
[La14]Uvita
8:15 Loom
12:28 Feudal Age
12:55 Double-Bit Axe
13:01 Gold Mining
13:07 Horse Collar
17:14 Scale Mail Armor
21:09 Fletching
23:38 Castle Age
25:47 Eagle Warrior
27:42 Squires
28:10 Arson
29:37 Heavy Plow
30:16 Forging
32:09 Iron Casting
[La14] Monarca Yupanqui
8:36 Loom
11:05 Feudal Age
11:34 Double-Bit Axe
11:33 Horse Collar
15:46 Fletching
17:32 Padded Archer Armor
20:36 Wheelbarrow
25:30 Castle Age
24:16 Stone Mining
24:16 Gold Mining
26:24 Bodkin Arrow
25:50 Crossbowman
27:41 Leather Archer Armor
27:30 Heavy Plow
27:43 Bow Saw
30:17 Thumb Ring
32:15 Hand Cart
Connection lost

Rejoining the realm…

Still unreachable

The connection could not be restored.

Session expired

The server has moved on; the page needs a fresh start.